 Dungeon Crawl Stone Soup version 0.16.1-11-g651b585 (webtiles) character file.

1596 vatarom the Changer (level 8, -1/59 HPs)
             Began as an Octopode Transmuter on Mar 31, 2015.
             Was a Believer of Cheibriados.
             Slain by an orc warrior
             ... wielding a +0 short sword
              (20 damage)
             ... on level 6 of the Dungeon.
             The game lasted 00:13:28 (8466 turns).

vatarom the Changer (Octopode Transmuter)           Turns: 8466, Time: 00:13:28

Health: -1/59      AC:  1    Str: 14    XL:     8   Next: 93%
Magic:  13/13      EV: 15    Int: 19    God:    Cheibriados [**....]
Gold:   327        SH:  0    Dex: 16    Spells: 4 memorised, 1 level left

rFire  x . .     SeeInvis .       - Unarmed
rCold  + . .     Clarity  .     (no shield)
rNeg   . . .     SustAb   .     (helmet restricted)
rPois  .         Gourm    .     (no amulet)
rElec  .         Spirit   .     g - ring of flight
rCorr  .         Warding  .     a - ring of ice
rMut   .         Stasis   .     (no ring)
MR     .....                    (no ring)
Stlth  +++.......               (no ring)
                                (no ring)
                                (no ring)
                                (no ring)

@: very slow, not resistant to hostile enchantments, fairly stealthy
A: almost no armour, amphibious, 8 rings, constrict 8, camouflage 1, robust 1,
weak 1, gelatinous body 1
a: Bend Time, Renounce Religion, Evoke Flight


You were on level 6 of the Dungeon.
You worshipped Cheibriados.
Cheibriados was pleased with you.
You were very hungry.

You visited 2 branches of the dungeon, and saw 7 of its levels.

You collected 327 gold pieces.

Inventory:

Missiles
 b - 30 arrows
 f - 13 arrows of frost
Jewellery
 a - a ring of ice (right tentacle)
 g - a ring of flight (left tentacle)
Magical devices
 j - a wand of frost (27)
Scrolls
 e - a scroll of enchant weapon
 i - 4 scrolls of identify
Potions
 c - a potion of heal wounds {unknown}
Books
 d - a book of Changes

   Spells                             Type                      Level
   a - Beastly Appendage              Transmutation                1
   b - Sticks to Snakes               Transmutation                2
   c - Spider Form                    Transmutation/Poison         3
   d - Ice Form                       Ice/Transmutation            4
   e - Blade Hands                    Transmutation                5
 h - a Young Poisoner's Handbook

   Spells                             Type                      Level
   a - Sting                          Conjuration/Poison           1
   b - Cure Poison                    Poison                       2
   c - Mephitic Cloud                 Conjuration/Poison/Air       3
   d - Olgreb's Toxic Radiance        Poison                       4
   e - Venom Bolt                     Conjuration/Poison           5
Comestibles
 k - a chunk of flesh


   Skills:
 - Level 4.0 Fighting
 + Level 5.4 Dodging
 - Level 2.6 Stealth
 - Level 5.0 Unarmed Combat
 - Level 2.0 Spellcasting
 * Level 7.0 Transmutations
 * Level 2.8 Ice Magic


You had one spell level left.
You knew the following spells:

 Your Spells              Type           Power        Failure   Level  Hunger
a - Beastly Appendage     Trmt           ####..       1%          1    #......
b - Sticks to Snakes      Trmt           ####......   1%          2    ###....
c - Spider Form           Trmt/Pois      ###.......   12%         3    ###....
d - Ice Form              Ice/Trmt       ####....     28%         4    #####..


Dungeon Overview and Level Annotations

Branches:
Dungeon (6/15)             Temple (1/1) D:4

Altars:
Ashenzari
Cheibriados
Fedhas
Gozag
Makhleb
Okawaru
Ru
Trog
Yredelemnul
Zin


Innate Abilities, Weirdness & Mutations

You cannot wear most types of armour.
You are amphibious.
You can wear up to eight rings at the same time.
You can use your tentacles to constrict many enemies at once.
Your skin changes colour to match your surroundings (Stealth).
Your rubbery body absorbs attacks (AC +1).
You are robust (+10% HP).
You are weak. (Str -2)


Message History

The orc warrior barely misses you.
You tentacle-slap the orc warrior but do no damage.
Your squeeze misses the orc warrior.
The orc warrior is lightly wounded.
You constrict the orc warrior, but do no damage.
The orc warrior hits you with a short sword!
You completely miss the orc warrior.
The orc warrior is lightly wounded.
You constrict the orc warrior.
The orc warrior hits you with a short sword.
You barely miss the orc warrior.
You squeeze the orc warrior, but do no damage.
The orc warrior is lightly wounded.
You constrict the orc warrior.
The orc warrior hits you with a short sword!
You release your grip on the orc warrior.
The orc priest utters an invocation to Beogh.
You feel a wave of unholy energy pass over you.
The orc warrior hits you with a short sword!!
You die...

#.....#
#.#.........#
#.###.#
#.#.#...#.#.########
#.# #.#
##.o.........†......
#.###.#
##o###.#...........
#.....# #o#
#.....####....
###.### #.# ###.###
.#. #.# #÷# #(#
###.#.. #.# #o#
#.##........ #.#
#####@# #....# #.#
#.# #.....# #.####
#.# #.# #.##### #.#
##.# #.# #.# #.#
##.#. #.# ##.##
#.######.###
#.#######.#.##
#...[...## #
#....>...###.##
########.###
#######.##
##.#############..#.
#.##
##..............#..


You could see an orc warrior, an orc priest and 2 orcs.

Vanquished Creatures
  The ghost of B1inky the Cudgeler, an experienced NaTm of Ru (D:5)
  Edmund (D:4)
  An ice beast (D:5)
  An orc warrior (D:6)
  An ogre (D:5)
  A wasp (D:6)
  Blork the orc (D:4)
  A giant frog (D:6)
  A scorpion (D:4)
  A crimson imp (D:5)
  A goliath beetle (D:6)
  An orc wizard (D:5)
  Crazy Yiuf (D:5)
  A jelly (D:5)
  A hound (D:4)
  3 iguanas
  3 worker ants
  9 adders
  A gnoll (D:1)
  A shadow imp (D:5)
  2 giant mites
  A worm (D:3)
  7 giant geckos
  An ooze (D:2)
  5 orcs
  14 bats
  2 bat skeletons
  13 hobgoblins
  6 jackals
  15 kobolds
  2 ball pythons
  4 giant cockroaches
  7 giant newts
  10 goblins
  A jackal skeleton (D:4)
  A quokka skeleton (D:4)
  10 rats
133 creatures vanquished.

Vanquished Creatures (collateral kills)
  The ghost of vatarom the Ducker, an average OpTm of Qazlal (D:3)
  2 worms (D:2)
3 creatures vanquished.

Vanquished Creatures (others)
  A black bear (D:6)
  A centaur (D:6)
  A crimson imp (D:6)
  2 hounds (D:6)
  A worm (D:6)
  A giant gecko (D:6)
  3 bats (D:6)
10 creatures vanquished.

Grand Total: 146 creatures vanquished

Notes
Turn   | Place    | Note
--------------------------------------------------------------
     0 | D:1      | vatarom, the Octopode Transmuter, began the quest for the Orb.
     0 | D:1      | Reached XP level 1. HP: 13/13 MP: 3/3
   103 | D:1      | Reached XP level 2. HP: 5/19 MP: 2/4
   594 | D:1      | Reached XP level 3. HP: 8/25 MP: 6/6
   653 | D:1      | Learned a level 2 spell: Sticks to Snakes
   657 | D:1      | Learned a level 3 spell: Spider Form
  1115 | D:1      | Reached skill level 1 in Stealth
  1472 | D:2      | Reached XP level 4. HP: 22/31 MP: 7/7
  2254 | D:3      | You fall through a shaft for 2 floors!
  2254 | D:5      | Entered Level 5 of the Dungeon
  2307 | D:4      | Reached skill level 4 in Fighting
  2307 | D:4      | Reached XP level 5. HP: 29/37 MP: 9/9
  2911 | D:3      | Noticed vatarom's ghost (average OpTm)
  2935 | D:3      | Killed vatarom's ghost
  2935 | D:3      | Reached XP level 6. HP: 23/43 MP: 2/10
  3411 | D:3      | Gained mutation: You are robust (+10% HP). [potion of mutation]
  3411 | D:3      | Gained mutation: You are weak. (Str -2) [potion of mutation]
  3624 | D:4      | Noticed Edmund
  3643 | D:4      | Killed Edmund
  3848 | D:4      | Reached XP level 7. HP: 42/52 MP: 12/12
  3865 | D:4      | Learned a level 4 spell: Ice Form
  4176 | D:4      | Noticed Blork the orc
  4189 | D:4      | Killed Blork the orc
  4434 | D:4      | Found a blossoming altar of Fedhas.
  4794 | D:4      | Found a staircase to the Ecumenical Temple.
  4808 | Temple   | Entered the Ecumenical Temple
  4950 | Temple   | Became a worshipper of Cheibriados the Contemplative
  5152 | D:4      | Found Goank's Distillery.
  5596 | D:5      | Noticed B1inky's ghost (experienced NaTm)
  5977 | D:5      | Noticed Crazy Yiuf
  5984 | D:5      | Killed Crazy Yiuf
  6046 | D:5      | Found a sacrificial altar of Ru.
  6066 | D:5      | Acquired Cheibriados' first power
  6227 | D:5      | Reached skill level 5 in Transmutations
  6897 | D:5      | Reached XP level 8. HP: 59/59 MP: 10/13
  7035 | D:5      | HP: 1/59 [B1inky's ghost (9)]
  7038 | D:5      | Killed B1inky's ghost
  7038 | D:5      | Reached skill level 5 in Dodging
  7038 | D:5      | Reached skill level 5 in Unarmed Combat
  7038 | D:5      | Reached skill level 6 in Transmutations
  7618 | D:6      | Reached skill level 1 in Ice Magic
  8384 | D:6      | Reached skill level 7 in Transmutations
  8466 | D:6      | Slain by an orc warrior

Action                   |  1- 3 |  4- 6 |  7- 9 || total
-------------------------+-------+-------+-------++-------
Melee: Unarmed           |    78 |   148 |   226 ||   452
 Cast: Beastly Appendage |     6 |     9 |     8 ||    23
       Sticks to Snakes  |       |     8 |     6 ||    14
       Spider Form       |       |       |     4 ||     4
       Ice Form          |       |       |     2 ||     2
  Use: Scroll            |     3 |     5 |     4 ||    12
       Potion            |     3 |     1 |     1 ||     5
 Stab: Sleeping          |     4 |     9 |     5 ||    18
       Invisible         |       |       |     1 ||     1
  Eat: Bread ration      |     1 |     1 |     1 ||     3
       Meat ration       |       |     1 |       ||     1
       Chunk             |       |       |     4 ||     4
       Pizza             |       |       |     1 ||     1
